 Dungeon Crawl Stone Soup version 0.28.0-43-g3370ac3207 (webtiles) character file.

Game seed: 5867893447336819075

5 smarlow the Magician (level 1, 0/15 HPs)
             Began as a Djinni Conjurer on Mar 5, 2022.
             Slain by a rat (1 damage)
             ... on level 3 of the Dungeon.
             The game lasted 00:00:39 (198 turns).

smarlow the Magician (Djinni Conjurer)               Turns: 198, Time: 00:00:40

Health: 0/15       AC:  2    Str:  6    XL:     1   Next: 88%
Gold:   3          EV: 12    Int: 19    God:
                   SH:  0    Dex: 11

rFire   + + .      SeeInvis .   (no weapon)
rCold   x . .      Faith    .   (no shield)
rNeg    . . .      Spirit   .   a - +0 robe
rPois   ∞          Reflect  .   (no helmet)
rElec   .          Harm     .   (no cloak)
rCorr   .          Rampage  .   (no gloves)
Will    .....                   (boots unavailable)
Stlth   ++........              (no amulet)
HPRegen 0.05/turn               (no ring)
MPRegen 0.00/turn               (no ring)

@: flying
A: sickness immunity, fire resistance 2, cold vulnerability 1, float, innate
caster, HP casting, extra vitality 1
a: no special abilities


You were on level 3 of the Dungeon.
You visited 1 branch of the dungeon, and saw 3 of its levels.

You collected 3 gold pieces.

Inventory:

Armour
 a - a +0 robe (worn)
Scrolls
 b - a scroll of brand weapon {unknown}
 c - a scroll of magic mapping {unknown}
 e - a scroll of identify {unknown}
Potions
 d - a potion of attraction {unknown}
 f - a potion of berserk rage {unknown}
 g - a potion of invisibility {unknown}


   Skills:
 - Level 2.1 Dodging
 - Level 1.5 Stealth
 + Level 3.5 Spellcasting


You couldn't memorise any spells.
You knew the following spells:

 Your Spells              Type           Power      Damage    Failure   Level
a - Magic Dart            Conj           64%        1d6       3%          1
b - Searing Ray           Conj           32%        2d5       5%          2
c - Dazzling Flash        Conj/Hex       32%        N/A       11%         3
d - Fulminant Prism       Conj/Hex       8%         3d7       34%         4
e - Iskenderun's Mystic   Conj/Tloc      16%        2d5       34%         4
Your spell library was empty.

Dungeon Overview and Level Annotations

Branches:
Dungeon (3/15)

Altars:


Innate Abilities, Weirdness & Mutations

You are immune to sickness and miasma.
You are immune to poison.
Your flesh is very heat resistant. (rF++)
You are vulnerable to cold. (rC-)
You float through the air rather than walking.
You learn spells naturally, not from books.
Your magical power is your life essence.
You have superior vitality. (+4 MHP)


Message History

The jackal bites you but does no damage.
You see here 14 bolts.
Aiming: Magic Dart (safe; 3% risk of failure)
Press: ? - help, Q - select action, (/) - cycle Shift-Dir - straight line, f/p - hobgoblin
Aim: a hobgoblin (almost dead, 100% to hit)
The magic dart hits the hobgoblin but does no damage.
The hobgoblin is almost dead.
* * * LOW HITPOINT WARNING * * *
The hobgoblin barely misses you.
You don't have enough health to cast this spell.
You don't have enough health to cast this spell.
Unknown command.
The hobgoblin closely misses you.
You see here a +0 club.
You see here a frilled lizard corpse.
There is a stone staircase leading down here.
You fly downwards.
There is a stone staircase leading up here.
A goblin, a rat, a bat and 2 kobolds come into view.
The goblin shouts!
The kobold shouts!
The endoplasm quivers.
The kobold shouts!
The bat misses you.
The endoplasm hits you but does no damage.
Found a stone staircase leading down.
The bat misses you. The bat closely misses you.
The bat hits you but does no damage. The bat closely misses you. x2
The bat barely misses you. The bat hits you but does no damage.
The bat hits you.
* * * LOW HITPOINT WARNING * * *
The rat bites you but does no damage. The bat closely misses you.
There is a stone staircase leading down here.
The bat closely misses you. The rat barely misses you.
You fly downwards.
Found 14 gold pieces.
Found a stone staircase leading down.
There is a stone staircase leading up here.
The rat bites you.
You die...

#.##......##
...........
#........###
#b.........#
###..........#
#.........#..#
#+##....<....#
.......r.g.#.#
.......@...#
....#...##.#
......... ...
....#...##.###
......>.. #
....#.#..
....#.### .#
#.


You could see a goblin (asleep), a bat (asleep) and a rat.

Vanquished Creatures
  A bat (D:1)
  A hobgoblin (D:1)
  A jackal (D:1)
  2 frilled lizards (D:1)
5 creatures vanquished.

Notes
Turn   | Place    | Note
-------+----------+-------------------------------------------
     0 | D:1      | smarlow the Djinni Conjurer began the quest for the Orb.
     0 | D:1      | Reached XP level 1. HP: 15/15 MP: 0/0
   198 | D:3      | Slain by a rat

Illustrated notes

Levels and vault maps discovered:
D:1:      nzn_arrival_settlement, layout_loops_ring
D:2:      layout_basic, nicolae_concentric_dashed_squares_mild, st_stairs_9,
          minivault_4, minmay_fractal_squares_5, uniq_terence
D:3:      layout_basic, nicolae_dithmenos_the_darkroom, xom_redecorated,
          serial_shops, shop, chequers_ecumenical_altar_simple_redux,
          hangedman_decor_growths

Action                   || total
-------------------------++-------
 Cast: Magic Dart        ||    12
Armor: Robe              ||     5
Dodge: Dodged            ||    12
